 Dungeon Crawl Stone Soup version 0.30.0-30-g96aa6591b8 (webtiles) character file.

Game seed: 437942248065581955

95 LustLizard the Digger (level 4, 0/26 HPs)
             Began as a Gargoyle Earth Elementalist on June 28, 2023.
             Slain by a ball python (1 damage)
             ... on level 3 of the Dungeon.
             The game lasted 00:02:43 (1828 turns).

LustLizard the Digger (Gargoyle Earth Elementalist) Turns: 1828, Time: 00:02:44

Health: 0/26       AC:  5    Str: 12    XL:     4   Next: 66%
Magic:  2/7        EV:  8    Int: 17    God:
Gold:   69         SH:  0    Dex: 10    Spells: 4/8 levels left

rFire   . . .        g - +1 falchion (vamp)
rCold   . . .        (no shield)
rNeg    + . .        a - +0 robe
rPois   ∞            (no helmet)
rElec   +            (no cloak)
rCorr   .            (no gloves)
SInv    .            (no boots)
Will    .....        (no amulet)
Stlth   ++           e - ring of flight
HPRegen 0.24/turn    (no ring)
MPRegen 0.10/turn

%: no passive effects
@: flying, constricted
A: sickness immunity, AC +3, negative energy resistance 1, electricity
resistance, torment resistance 1, petrification resistance
a: no special abilities


You were on level 3 of the Dungeon.
You visited 1 branch of the dungeon, and saw 3 of its levels.

You collected 69 gold pieces.

Inventory:

Hand Weapons
 g - a +1 vampiric falchion (weapon)
Armour
 a - a +0 robe (worn)
Jewellery
 e - a ring of flight (left hand)
Scrolls
 d - a scroll of fear {unknown}
 h - a scroll of fog {unknown}
 i - 2 scrolls of identify {unknown}
 k - a scroll of enchant weapon {unknown}
Potions
 b - a potion of magic
 c - a potion of might {unknown}
 f - a potion of curing {unknown}
 j - 3 potions of degeneration {unknown}


   Skills:
 + Level 1.7 Fighting
 - Level 1.5 Dodging
 + Level 3.0 Stealth
 + Level 2.5 Spellcasting
 * Level 1.3 Conjurations
 - Level 0.7 Transmutations
 * Level 4.7 Earth Magic


You had 4 spell levels left.
You knew the following spells:

 Your Spells              Type           Power      Damage    Failure   Level
a - Sandblast             Erth           36%        2d10      2%          1
b - Stone Arrow           Conj/Erth      24%        3d8       16%         3

Your spell library contained the following spells:

 Spells                   Type           Power      Damage    Failure   Level
 Passwall                 Tmut/Erth      9%         N/A       9%          2
 Kiss of Death            Conj/Necr      16%        2d6       14%         1
 Dazzling Flash           Conj/Hex       8%         N/A       38%         3
 Confusing Touch          Hex            2%         N/A       50%         3
 Volatile Blastmotes      Fire/Tloc      4%         2d10      50%         3
 Petrify                  Tmut/Erth      11%        N/A       52%         4
 Iskenderun's Mystic Bla  Conj/Tloc      4%         2d3       80%         4
 Dispel Undead            Necr           2%         3d7       88%         4
 Starburst                Conj/Fire      2%         6d3       100%        6


Dungeon Overview and Level Annotations

Branches:
Dungeon (3/15)

Altars:

Shops:
D:2 (


Innate Abilities, Weirdness & Mutations

You are immune to sickness and miasma.
Your stone body is resilient. (AC +3)
You are immune to poison.
You resist negative energy. (rN+)
You are resistant to electric shocks. (rElec)
You are resistant to unholy torment.
You are immune to petrification.


Message History

An orc is nearby!
The blast of sand hits the orc but does no damage.
The orc shouts! x2; You hear an angry hiss.
The blast of sand hits the orc.
The orc is lightly wounded.
A ball python comes into view.
The orc barely misses you.
The blast of sand hits the orc but does no damage.
The orc is lightly wounded.
The orc barely misses you. The orc closely misses you.
The blast of sand hits the orc but does no damage.
The orc is lightly wounded.
The orc hits you with a +0 flail. The orc hits you but does no damage.
The blast of sand hits the orc but does no damage.
The orc is lightly wounded.
The orc misses you. The orc closely misses you.
The ball python closely misses you. The ball python grabs you.
The ball python constricts you. The orc hits you but does no damage.
The orc closely misses you.
The blast of sand misses the ball python.
The ball python bites you. The ball python constricts you.
The orc barely misses you. The orc closely misses you.
The ball python bites you but does no damage.
The ball python constricts you.
Unknown command.
You escape the ball python's grasp.
You hit the orc but do no damage.
The orc is lightly wounded.
The orc hits you with a +0 flail.
You hit the orc but do no damage.
The orc is lightly wounded.
The orc hits you but does no damage. The orc hits you with a +0 flail!
You hit the ball python.
The ball python is heavily wounded.
The ball python bites you but does no damage.
The ball python grabs you. The ball python constricts you.
The orc hits you with a +0 flail!
* * * LOW HITPOINT WARNING * * *
The ball python bites you.
You die...

#.....# #.....# .######
#.....# .......## ###.....#
........## ##.......#######
....)....###..#.....#......
.............##.....#......
.........##.###.....#......
.....)..oo@.###†....†......
.....:...##S.##..#.........
................##......<..
................##.#.......
.####..............#.######
#..........#####.#
###......... #..
.........#.# ##.
.........#..


You could see 2 orcs and a ball python.

Vanquished Creatures
  3 adders (D:2)
  A worm (D:2)
  A dart slug (D:1)
  2 orcs (D:2)
  4 endoplasms
  2 giant cockroaches (D:1)
  5 goblins
  10 hobgoblins
  3 jackals (D:2)
  A quokka (D:2)
  5 ball pythons
  14 bats
  A frilled lizard (D:1)
  2 kobolds
  A rat (D:1)
55 creatures vanquished.

Notes
Turn   | Place    | Note
-------+----------+-------------------------------------------
     0 | D:1      | LustLizard the Gargoyle Earth Elementalist began the quest
                  | for the Orb.
     0 | D:1      | Reached XP level 1. HP: 10/10 MP: 3/3
   214 | D:1      | Reached XP level 2. HP: 4/16 MP: 0/5
   288 | D:1      | Reached skill level 4 in Earth Magic
   554 | D:1      | Reached skill level 1 in Fighting
   618 | D:1      | Reached XP level 3. HP: 20/20 MP: 4/6
   963 | D:1      | Learned a level 3 spell: Stone Arrow
  1205 | D:2      | Reached XP level 4. HP: 25/25 MP: 4/7
  1286 | D:2      | Reached skill level 1 in Conjurations
  1387 | D:2      | Found Yqoukat's Weapon Shop.
  1828 | D:3      | HP: 1/26 [orc/+0 flail (7)]
  1828 | D:3      | Slain by a ball python

Illustrated notes

Levels and vault maps discovered:
D:1:      dpeg_arrival_shrine, layout_loops_ring
D:2:      layout_rooms, serial_shops, nicolae_shop_rolling_square,
          chequers_serial_rivers_micro_c
D:3:      layout_rooms, vehumet_statue, chequers_serial_rivers_marsh

Skill      XL: |  1  2  3  4 |
---------------+-------------+-----
Earth Magic    | 4 |  4.7
Fighting       | 1 |  1.7
Conjurations   | 1 |  1.3
Stealth        | 3 |  3.0
Dodging        | |  1.5
Spellcasting   | |  2.5
Transmutations | |  0.7

Action                     |  1- 3 |  4- 6 || total
---------------------------+-------+-------++-------
  Melee: Spear             |    10 |       ||    10
         Unarmed           |     1 |       ||     1
         Falchion          |     1 |    14 ||    15
   Cast: Sandblast         |    46 |    32 ||    78
 Armour: Robe              |     6 |    15 ||    21
  Dodge: Dodged            |     7 |    26 ||    33
